cohdb
Replays
Latest Replays
All Replays
Popular Replays
Top Player Replays
Match Explorer
How It Works
Community
CoH3 Stats
Reddit
Sign in to upload your games and track your stats! →
Sign in with Steam
Match 40569753
Unlisted
Match 40569753
Overview
Messages
Build Orders
End
Panzerpioneer Squad
Kradschützen Motorcycle Team
Selects Italian Infantry
Panzergrenadier Squad
Construct Light Support Kompanie
MG34 Team
Panzerjäger Squad
Fire Support Elements
Selects Guastatori Squad
Selects L6/40 Light Tank Combat Group
Guastatori Squad
2.5-tonne Medical Truck
Selects Towed Cannone da 105/28 Field Howitzer
Guastatori Squad
c0mpl3x1ty
Bootyquake
0
0
Comments
sign in to comment!
No comments posted yet!